Map: Inside and Out

Players

A.I. 1 (Very Easy)

  • Race: Protoss Protoss
  • Spawn Location: 7:00

Richard - Winner!

  • Race: Zerg Zerg
  • League: Master
  • Spawn Location: 1:00

VOD

https://www.reddit.com/r/allthingszerg/comments/yuhxkw/5_levels_of_roach_macro_level_4b_25_base_1_roach/

Description

Time

  • Played on: Nov. 13, 2022, 3:58 p.m.
  • Length: 8:09
Show
View Real Time Build Order
Export as new Build Order

A.I. 1 (Very Easy) Protoss 

Build Orders: 1 Gate Expand, Nexus First 

Get SALT Encoding   

  12  0:00  Probe  
  13  0:13  Probe  
  14  0:19  Pylon  
  14  0:43  Gateway  
  14  1:01  Nexus  
  14  1:20  Pylon  
  14  1:21  Zealot  
  14  1:23  Assimilator  
  16  1:33  Probe  
  16  1:38  Cybernetics Core  
  17  1:42  Probe  
  18  1:53  Probe  
  19  2:02  Probe  
  19  2:04  Assimilator  
  19  2:07  Stalker  
  20  2:13  Probe  
  23  2:17  Probe, Warp Gate  
  24  2:28  Probe  
  25  2:35  Probe  
  26  2:48  Probe  
  26  2:50  Assimilator  
  27  2:52  Pylon  
  27  2:55  Probe  
  28  3:01  Probe  
  29  3:09  Probe  
  29  3:12  Robotics Facility  
  30  3:13  Probe  
  31  3:24  Zealot, Probe  
  33  3:32  Probe  
  34  3:39  Probe  
  35  3:46  Probe  
  36  3:53  Probe  
  37  4:00  Probe, Observer  
  39  4:05  Probe  
  40  4:13  Probe  
  41  4:18  Probe  
  41  4:19  Assimilator  
  41  4:21  Observer  
  43  4:25  Probe  
  44  4:32  Sentry  
  44  4:36  Probe  
  47  4:40  Pylon  
  47  4:43  Probe  
  48  4:51  Probe  
  49  4:58  Probe  
  50  6:03  Observer  
  50  7:19  Stalker  
  50  7:20  Pylon  
  44  7:24  Probe  
  26  7:32  Probe  
  27  7:40  Probe  
  26  7:47  Zealot  
Show
View Real Time Build Order
Export as new Build Order

Richard Zerg - Winner!

Build Orders: Hatch First 

Get SALT Encoding   

  12  0:00  Drone  
  13  0:12  Overlord  
  13  0:16  Drone  
  14  0:30  Drone x2  
  16  0:49  Hatchery  
  15  0:52  Drone  
  15  0:55  Drone  
  17  0:59  Drone  
  18  1:10  Extractor  
  17  1:14  Spawning Pool  
  17  1:18  Drone  
  17  1:21  Drone  
  18  1:28  Drone  
  19  1:39  Drone  
  20  1:49  Overlord  
  20  2:01  Queen  
  20  2:02  Queen  
  20  2:03  Zergling x2  
  20  2:06  Drone  
  26  2:11  Drone  
  26  2:12  Drone  
  28  2:17  Metabolic Boost  
  29  2:22  Drone  
  29  2:23  Drone  
  30  2:37  Hatchery  
  30  2:40  Zergling x2  
  30  2:44  Drone  
  30  2:47  Queen  
  33  2:52  Overlord  
  33  2:54  Drone  
  33  2:56  Drone  
  36  2:58  Drone  
  36  3:05  Overlord  
  36  3:11  Drone  
  37  3:18  Drone  
  38  3:20  Drone x3  
  38  3:22  Queen  
  43  3:27  Drone  
  43  3:30  Overlord  
  44  3:38  Drone  
  45  3:41  Spore Crawler  
  45  3:43  Drone, Spore Crawler  
  45  3:47  Drone x3  
  47  3:50  Drone x2  
  47  3:53  Extractor  
  47  3:54  Queen  
  50  4:02  Drone  
  51  4:03  Roach Warren  
  51  4:05  Drone x3  
  51  4:09  Drone x2  
  55  4:14  Drone x2  
  57  4:18  Drone, Overlord  
  57  4:21  Overlord  
  58  4:24  Drone x2  
  58  4:27  Drone  
  58  4:29  Drone  
  62  4:34  Spore Crawler  
  62  4:36  Lair  
  61  4:42  Evolution Chamber  
  61  4:45  Roach x4  
  68  4:47  Overlord  
  68  4:52  Roach x2  
  72  4:57  Roach x2  
  76  5:00  Drone x4  
  76  5:05  Drone x2  
  82  5:07  Zerg Missile Weapons Level 1, Extractor  
  82  5:08  Extractor  
  82  5:12  Overlord  
  82  5:13  Roach  
  82  5:20  Hatchery  
  82  5:21  Drone  
  82  5:25  Overlord  
  82  5:26  Roach  
  84  5:34  Glial Reconstitution  
  84  5:37  Roach x3  
  84  5:40  Roach  
  92  5:45  Roach  
  92  5:46  Roach x2  
  92  5:48  Roach  
  100  5:53  Overlord  
  100  5:54  Overlord x2  
  100  5:56  Roach x2  
  104  5:59  Overlord  
  104  6:00  Roach  
  106  6:05  Overseer  
  106  6:08  Overseer  
  106  6:13  Roach x4  
  106  6:16  Roach  
  116  6:19  Roach  
  116  6:21  Roach  
  120  6:27  Overlord x3  
  120  6:30  Zergling x8  
  124  6:38  Zergling x12  
  130  6:46  Zergling x8  
  134  6:52  Zergling x2  
  134  6:53  Zergling x2  
  136  6:59  Overlord x2  
  136  7:02  Zergling x16  
  136  7:05  Ravager x3  
  136  7:06  Ravager x3  
  136  7:07  Ravager  
  151  7:09  Zergling x2  
  151  7:10  Zergling x4  
  151  7:13  Zergling x4  
  151  7:15  Ravager  
  157  7:17  Zergling x4  
  157  7:20  Zergling x4  
  160  7:24  Ravager  
  160  7:26  Zergling x4  
  163  7:31  Overlord x2  
  163  7:38  Zergling x16  
  163  7:42  Ravager  
  171  7:46  Ravager  
  171  7:48  Ravager  
  171  7:51  Ravager  
Tags
 
Add a new tag
Caveats
  • Supply blocks, unpowered buildings, or Contaminate may cause inaccurate times.
  • Supply counts are checked every 10 seconds.